 Dungeon Crawl Stone Soup version 0.16.2-2-g470672f (webtiles) character file.

67174 trucemop the Brawler (level 14, -3/108 HPs)
             Began as a Demonspawn Monk on Aug 20, 2015.
             Was the Champion of Cheibriados.
             Slain by an ice devil (16 damage)
             ... summoned by an orc sorcerer
             ... on level 4 of the Orcish Mines.
             The game lasted 02:23:10 (29678 turns).

trucemop the Brawler (Demonspawn Monk)             Turns: 29678, Time: 02:23:10

Health: -3/108     AC: 13    Str: 32    XL:     14   Next: 82%
Magic:  21/21      EV: 19    Int: 28    God:    Cheibriados [******]
Gold:   1670       SH: 13    Dex: 31    Spells: 0 memorised, 13 levels left

rFire  + . .     SeeInvis +       - Unarmed
rCold  + . .     Clarity  .     K - +0 mottled dragon armour
rNeg   . . .     SustAb   .     r - +0 shield
rPois  +         Gourm    .     i - +0 hat {SInv}
rElec  +         Spirit   .     h - +1 cloak
rCorr  .         Warding  .     V - +0 pair of gloves
rMut   .         Stasis   .     M - +0 pair of boots
MR     +....                    (no amulet)
Stlth  +++.......               X - ring of Accord {Contam rElec rPois Int+2}
                                L - ring of protection from fire

@: about to teleport, very slow, somewhat resistant to hostile enchantments,
fairly stealthy
A: horns 2, repulsion field 2, cold resistance 1, powered by pain 2, freezing
cloud immunity
a: Bend Time, Temporal Distortion, Slouch, Step From Time, Renounce Religion


You were on level 4 of the Orcish Mines.
You worshipped Cheibriados.
Cheibriados was exalted by your worship.
You were not hungry.

You visited 4 branches of the dungeon, and saw 25 of its levels.

You collected 2474 gold pieces.
You spent 804 gold pieces at shops.

Inventory:

Missiles
 c - 22 tomahawks
 e - 600 stones (quivered)
 F - 11 tomahawks of dispersal
 Q - 4 steel tomahawks
Armour
 h - a +1 cloak (worn)
 i - a +0 hat of see invisible (worn)
 r - a +0 shield (worn)
 v - a +1 robe of resistance
 K - a +0 mottled dragon armour (worn)
 M - a +0 pair of boots (worn)
 V - a +0 pair of gloves (worn)
Jewellery
 g - a +4 ring of protection
 u - the ring "Thuhoz" {MP+9 Stlth-}
   (You found it on level 4 of the Dungeon)

   [ring of loudness]

   It affects your magic capacity (+9).
   It makes you less stealthy.
 L - a ring of protection from fire (left hand)
 O - a +4 ring of strength
 T - an uncursed ring of positive energy
 X - the ring of Accord (right hand) {Contam rElec rPois Int+2}
   (You bought it in a shop on level 6 of the Dungeon)

   [ring of poison resistance]

   It affects your intelligence (+2).
   It insulates you from electricity.
   It protects you from poison.
   It causes magical contamination when unequipped.
 Y - an uncursed ring of see invisible
Magical devices
 l - a wand of lightning (3)
 y - a wand of draining (0)
 A - a wand of polymorph (16)
 C - a wand of fireball (7)
 I - a wand of confusion (21)
 N - a wand of digging (11)
 P - a wand of heal wounds (6)
Scrolls
 f - 6 scrolls of remove curse
 n - a scroll of enchant armour
 q - 2 scrolls of teleportation
 x - 4 scrolls of identify
 D - 4 scrolls of recharging
 S - 3 scrolls of enchant weapon
 W - 3 scrolls of magic mapping
Potions
 d - 3 potions of might
 j - 15 potions of curing
 o - 5 potions of restore abilities
 p - 3 potions of cancellation
 t - 3 potions of cure mutation
 w - 2 potions of brilliance
 B - a potion of resistance
 E - a potion of magic
 G - a potion of agility
 H - 2 potions of heal wounds
Miscellaneous
 s - a disc of storms
 z - a lamp of fire
Comestibles
 a - 20 fruits
 b - 12 bread rations
 k - 5 meat rations
 m - 2 chunks of flesh
 J - 8 slices of pizza


   Skills:
 + Level 9.0 Fighting
 + Level 8.7 Armour
 + Level 5.4 Dodging
 - Level 1.7 Stealth
 + Level 6.1 Shields
 - Level 18.8 Unarmed Combat
 - Level 4.4 Invocations


You had 13 spell levels left.
You didn't know any spells.

Dungeon Overview and Level Annotations

Branches:
Dungeon (12/15)            Temple (1/1) D:4            Lair (8/8) D:9
 Shoals (0/5) Lair:4        Snake (0/5) Lair:6        Slime (0/6) Lair:8
    Orc (4/4) D:12            Elf (0/3) Orc:3

Altars:
Ashenzari
Cheibriados
Dithmenos
Elyvilon
Fedhas
Gozag
Kikubaaqudgha
Makhleb
Nemelex Xobeh
Okawaru
Qazlal
Ru
Sif Muna
Trog
Vehumet
Xom
Yredelemnul
Zin
The Shining One

Shops:
D:6 %=   D:7 (   D:8 !   D:9 *   D:10 *   D:12 (   Orc:2 %   Orc:4 =?[

Annotations:
D:10 2 runed doors


Innate Abilities, Weirdness & Mutations

You have a pair of horns on your head.
You are surrounded by a moderate repulsion field (EV +3).
Your flesh is cold resistant.
You sometimes gain power by taking damage.
You are immune to freezing clouds.


Message History

The orc sorcerer hits you with a trident.
The orange demon stings you but does no damage.
You block the chaos spawn's attack.
The neqoxec gestures.
The orc high priest hits you with a trident.
An orc sorcerer comes into view. It is wielding a short sword.
You closely miss the orc high priest.
You headbutt the orc high priest, but do no damage.
The orc high priest is heavily wounded.
The orc sorcerer moves out of view.
You block the ice devil's attack.
As you read the scroll of teleportation, it crumbles to dust.
You feel strangely unstable. You block the orange demon's attack.
The chaos spawn gores you! Space warps horribly around you!
* * * LOW HITPOINT WARNING * * *
The orc sorcerer closely misses you.
The neqoxec gestures.
The crimson imp blinks!
The ice devil hits you!
* * * LOW HITPOINT WARNING * * *
The ice devil freezes you! You resist.
You die...

####....#...#.)..........
##...####.............
#...####.......#.##...
#...##.........######)
##.##..........# ##
###.))..####### #
#...)### ## #.3)## ##.
#.o@# ##.. ##53o# #...
#.433o ##.. ##5÷o÷.. ##..
##55.÷.o. #... ...÷..
###.) ##... #.... #÷
#.... ##..)


You could see 3 orc knights, an ice devil, an orc high priest, an orange demon,
a neqoxec, 2 chaos spawn, an orc sorcerer, an iron imp, a quasit, a crimson imp
and an ufetubus.

Vanquished Creatures
  The ghost of bftschaos the Bludgeoner, a powerful FoFi of Ru (Lair:3)
  The ghost of SurfShackTito the Severer, a powerful MiFi of Okawaru (Lair:1)
  Fannar (Lair:6)
  A catoblepas (Lair:7)
  Harold (Orc:2)
  4 hydras
  2 centaur warriors (D:12)
  4 death yaks (Lair:7)
  An orc high priest (Orc:4)
  2 orc knights (Orc:4)
  2 hill giants (D:12)
  An oklob plant (Lair:6)
  A manticore (D:12)
  2 orc sorcerers (Orc:4)
  An ugly thing (D:12)
  2 cyclopes (D:12)
  14 elephants
  3 black mambas
  Joseph (D:11)
  A gargoyle (D:12)
  A spiny frog (shapeshifter) (D:10)
  7 komodo dragons
  6 spiny frogs
  4 trolls
  2 fire drakes (Lair:4)
  2 efreet
  11 polar bears
  A two-headed ogre (D:11)
  2 spriggan druids (Lair:8)
  18 blink frogs
  A merfolk (Lair:4)
  Prince Ribbit (D:5)
  A slime creature (Lair:8)
  A basilisk (Lair:2)
  A trapdoor spider (D:12)
  46 yaks
  13 spriggans
  2 wyverns
  5 redbacks (Lair:8)
  5 deep elf magi
  A human (D:7)
  A hill giant zombie (D:12)
  A hog (D:7)
  5 hungry ghosts
  33 wolves
  Edmund (Orc:1)
  Menkaure (D:5)
  11 hippogriffs
  11 water moccasins
  A mottled dragon (Lair:4)
  2 wargs
  9 porcupines
  4 sky beasts
  21 orc warriors
  4 ice beasts
  3 wasps
  11 black bears
  9 centaurs
  10 ogres
  2 eyes of draining (D:12)
  The ghost of bftschaos the Slasher, an average FoFi (D:4)
  A boring beetle (shapeshifter) (D:12)
  18 crocodiles
  A necrophage (D:11)
  The ghost of hypnagogic the Conjurer, an average DECj (D:3)
  A big kobold (D:11)
  16 giant frogs
  6 scorpions
  4 electric eels
  8 crimson imps
  A goliath beetle (D:10)
  2 giant frog zombies
  16 hounds
  16 killer bees
  3 centaur zombies
  28 orc wizards
  7 worker ants
  23 orc priests
  2 centaur skeletons
  11 jellies
  4 quasits
  A giant frog skeleton (D:11)
  14 sheep
  5 iguanas
  Ijyb (D:5)
  Jessica (D:2)
  2 hound skeletons
  A worker ant zombie (D:7)
  63 river rats
  39 adders
  3 shadow imps
  4 worms
  3 giant eyeballs (D:9)
  4 adder skeletons
  An adder zombie (D:9)
  8 giant geckos
  2 oozes (D:2)
  170 orcs
  15 bats
  3 bat skeletons
  A bat zombie (D:7)
  9 giant cockroaches
  20 hobgoblins
  11 jackals
  A ball python (D:1)
  A ball python skeleton (D:4)
  A ball python zombie (D:2)
  6 giant newts
  A giant spore (D:11)
  21 goblins
  2 jackal zombies (D:2)
  21 kobolds
  18 quokkas
  A quokka zombie (D:6)
  19 rats
  3 ballistomycetes (D:11)
  A bush (Lair:6)
  A butterfly (Lair:4)
  A plant (Lair:1)
966 creatures vanquished.

Vanquished Creatures (others)
  An orc warrior (Orc:4)
  An orc priest (Orc:4)
  2 orc wizards (Orc:4)
  An orc (Orc:4)
  A kobold (D:7)
  14 fungi
  5 plants
25 creatures vanquished.

Grand Total: 991 creatures vanquished

Notes
Turn   | Place    | Note
--------------------------------------------------------------
     0 | D:1      | trucemop, the Demonspawn Monk, began the quest for the Orb.
     0 | D:1      | Reached XP level 1. HP: 18/18 MP: 1/1
   294 | D:1      | Reached skill level 4 in Unarmed Combat
   433 | D:1      | Gained mutation: Your flesh is cold resistant. [demonic ancestry]
   433 | D:1      | Reached XP level 2. HP: 22/24 MP: 2/2
   733 | D:1      | You fall through a shaft!
  1242 | D:2      | Gained mutation: You sometimes gain a little power by taking damage. [demonic ancestry]
  1242 | D:2      | Reached XP level 3. HP: 29/29 MP: 3/3
  1599 | D:2      | Reached skill level 5 in Unarmed Combat
  1871 | D:2      | Gained mutation: You have a pair of small horns on your head. [demonic ancestry]
  1871 | D:2      | Reached XP level 4. HP: 28/35 MP: 4/4
  1909 | D:2      | Noticed Jessica
  1915 | D:2      | Killed Jessica
  2893 | D:3      | Reached XP level 5. HP: 22/41 MP: 5/5
  3010 | D:3      | Reached skill level 6 in Unarmed Combat
  3172 | D:3      | Noticed hypnagogic's ghost (average DECj)
  3321 | D:3      | Killed hypnagogic's ghost
  3436 | D:3      | Gained mutation: You have a pair of horns on your head. [demonic ancestry]
  3436 | D:3      | Reached XP level 6. HP: 47/47 MP: 6/6
  3903 | D:3      | Reached skill level 7 in Unarmed Combat
  4435 | D:4      | Reached skill level 8 in Unarmed Combat
  4435 | D:4      | Gained mutation: You sometimes gain power by taking damage. [demonic ancestry]
  4435 | D:4      | Reached XP level 7. HP: 47/52 MP: 7/7
  4511 | D:4      | Found a staircase to the Ecumenical Temple.
  4575 | Temple   | Entered the Ecumenical Temple
  4626 | Temple   | Became a worshipper of Cheibriados the Contemplative
  4626 | Temple   | Acquired Cheibriados' first power
  4919 | D:4      | Noticed bftschaos' ghost (average FoFi)
  4932 | D:4      | Killed bftschaos' ghost
  4977 | D:4      | Got a scintillating golden ring
  4978 | D:4      | Identified the ring "Thuhoz" {MP+9 Stlth-} (You found it on level 4 of the Dungeon)
  5039 | D:4      | Acquired Cheibriados' second power
  5039 | D:4      | Reached skill level 9 in Unarmed Combat
  5766 | D:5      | Entered Level 5 of the Dungeon
  5773 | D:5      | Reached skill level 1 in Invocations
  5773 | D:5      | Reached XP level 8. HP: 50/58 MP: 7/9
  6069 | D:5      | Acquired Cheibriados' third power
  6091 | D:5      | Noticed Prince Ribbit
  6098 | D:5      | Killed Prince Ribbit
  6210 | D:5      | Noticed Menkaure
  6223 | D:5      | Killed Menkaure
  6223 | D:5      | Reached skill level 10 in Unarmed Combat
  6287 | D:5      | Noticed Ijyb
  6293 | D:5      | Killed Ijyb
  6907 | D:5      | Acquired Cheibriados' fourth power
  6952 | D:5      | Found a burning altar of Makhleb.
  7566 | D:6      | Found a shattered altar of Ashenzari.
  7589 | D:6      | Found a sparkling altar of Nemelex Xobeh.
  7590 | D:6      | Found a glowing golden altar of the Shining One.
  7590 | D:6      | Found a radiant altar of Vehumet.
  7628 | D:6      | Gained mutation: You are surrounded by a mild repulsion field (EV +2). [demonic ancestry]
  7628 | D:6      | Reached XP level 9. HP: 62/64 MP: 16/16
  7660 | D:6      | Found Uliur's Jewellery Boutique.
  7882 | D:6      | Found Wevonkid's Food Boutique.
  7974 | D:6      | Found a glowing silver altar of Zin.
  7978 | D:6      | Found a bloodstained altar of Trog.
  7983 | D:6      | Found an opulent altar of Gozag.
  8366 | D:6      | Reached skill level 11 in Unarmed Combat
  8564 | D:7      | Found a staircase to the Ecumenical Temple.
  8694 | D:7      | Found Ecanexaw's Weapon Boutique.
  8924 | D:7      | Reached skill level 5 in Fighting
  9532 | D:7      | Reached skill level 12 in Unarmed Combat
  9787 | D:8      | Found Moanolac's Distillery.
  9808 | D:8      | Bought a potion of poison for 12 gold pieces
  9825 | D:8      | Gained mutation: You are surrounded by a moderate repulsion field (EV +3). [demonic ancestry]
  9825 | D:8      | Reached XP level 10. HP: 72/76 MP: 17/17
 11452 | D:9      | Found a staircase to the Lair.
 11876 | D:9      | Reached skill level 13 in Unarmed Combat
 12065 | D:9      | Paralysed by a giant eyeball for 3 turns
 12076 | D:9      | Paralysed by a giant eyeball for 2 turns
 12414 | D:9      | Found Maizefie's Assorted Antiques.
 12420 | D:9      | Bought a scroll labeled SMIZAA HIJA for 23 gold pieces
 12420 | D:9      | Bought a scroll labeled STROTE MNUFANNEHO for 23 gold pieces
 13188 | D:10     | Entered Level 10 of the Dungeon
 13405 | D:10     | Reached XP level 11. HP: 85/85 MP: 18/18
 13500 | D:10     | Found Ghaoqao's General Store.
 13632 | D:10     | Found a large runed door.
 13634 | D:10     | Found a large runed door.
 14543 | Lair:1   | Entered Level 1 of the Lair of Beasts
 14767 | Lair:1   | Noticed SurfShackTito's ghost (powerful MiFi)
 14783 | Lair:1   | Killed SurfShackTito's ghost
 14783 | Lair:1   | Reached skill level 5 in Dodging
 14847 | Lair:1   | Reached skill level 14 in Unarmed Combat
 15648 | Lair:2   | Reached skill level 1 in Shields
 16255 | Lair:2   | Found a glowing golden altar of the Shining One.
 16440 | Lair:2   | Reached XP level 12. HP: 68/94 MP: 20/20
 17029 | Lair:3   | Noticed bftschaos' ghost (powerful FoFi)
 17038 | Lair:3   | Killed bftschaos' ghost
 17038 | Lair:3   | Reached skill level 15 in Unarmed Combat
 18509 | Lair:4   | Found a staircase to the Shoals.
 18609 | Lair:4   | Reached skill level 5 in Shields
 19190 | Lair:5   | Reached skill level 1 in Armour
 19761 | Lair:5   | Noticed a seven-headed hydra
 19784 | Lair:5   | Killed a seven-headed hydra
 21031 | D:6      | Bought the ring of Accord {Contam rElec rPois Int+2} for 423 gold pieces
 21031 | D:6      | Bought an uncursed ring of see invisible for 195 gold pieces
 21577 | Lair:4   | Reached skill level 16 in Unarmed Combat
 21667 | Lair:6   | Found a staircase to the Snake Pit.
 21754 | Lair:5   | Identified a scroll of acquirement
 21907 | Lair:6   | Reached XP level 13. HP: 100/100 MP: 20/20
 21928 | Lair:6   | Noticed Fannar
 21944 | Lair:6   | Killed Fannar
 22937 | Lair:7   | Reached skill level 5 in Armour
 23470 | Lair:7   | Reached skill level 17 in Unarmed Combat
 23863 | Lair:8   | Entered Level 8 of the Lair of Beasts
 24402 | Lair:8   | Found a staircase to the Slime Pits.
 24569 | Lair:8   | Gained mutation: You are immune to freezing clouds. [demonic ancestry]
 24569 | Lair:8   | Reached XP level 14. HP: 57/106 MP: 21/21
 25359 | Lair:8   | Reached skill level 18 in Unarmed Combat
 25975 | D:11     | Got a fine ring mail
 25992 | D:11     | Identified the cursed -2 ring mail "Inylis" {rPois rF- rC+ Dex+3 SInv} (You found it on level 11 of the Dungeon)
 26062 | D:11     | Noticed Joseph
 26066 | D:11     | Killed Joseph
 26568 | D:12     | Found a staircase to the Orcish Mines.
 26589 | D:12     | Found Ruepila's Weapon Shoppe.
 27648 | Orc:1    | Entered Level 1 of the Orcish Mines
 27676 | Orc:1    | Noticed Edmund
 27688 | Orc:1    | Killed Edmund
 27794 | Orc:2    | Noticed Harold
 27805 | Orc:2    | Killed Harold
 27909 | Orc:2    | Found Paottini's Food Boutique.
 28125 | Orc:3    | Found a staircase to the Elven Halls.
 28575 | Orc:4    | Entered Level 4 of the Orcish Mines
 28668 | Orc:4    | Found Utiuriuz's Armour Shop.
 28675 | Orc:4    | Found Naixaema's Jewellery Shop.
 29267 | Orc:4    | Found Straf's Magic Scroll Emporium.
 29296 | Orc:4    | Bought a scroll of identify for 32 gold pieces
 29296 | Orc:4    | Bought a scroll of identify for 32 gold pieces
 29296 | Orc:4    | Bought a scroll of identify for 32 gold pieces
 29296 | Orc:4    | Bought a scroll of identify for 32 gold pieces
 29655 | Orc:4    | Paralysed by an orc sorcerer for 5 turns
 29678 | Orc:4    | Slain by an ice devil

Action                   |  1- 3 |  4- 6 |  7- 9 | 10-12 | 13-15 || total
-------------------------+-------+-------+-------+-------+-------++-------
Melee: Unarmed           |   138 |   212 |   386 |   775 |   956 ||  2467
Throw: Stone             |    17 |    79 |   138 |   181 |    16 ||   431
Invok: Bend Time         |       |       |     1 |     2 |     4 ||     7
  Use: Scroll            |       |     4 |    12 |    13 |    12 ||    41
       Potion            |       |       |       |     2 |     3 ||     5
 Stab: Sleeping          |     2 |       |     6 |    20 |     8 ||    36
       Distracted        |       |       |     2 |     3 |     3 ||     8
       Fleeing           |       |       |     1 |       |       ||     1
  Eat: Chunk             |     3 |     8 |    14 |    19 |    17 ||    61
       Beef jerky        |       |       |       |     2 |     1 ||     3
       Fruit             |       |       |       |     4 |       ||     4
       Pizza             |       |       |       |     1 |       ||     1
